 Dungeon Crawl Stone Soup version 0.29-a0-757-g358383bc75 (webtiles) character file.

Game seed: 16589202399925399397

115 porpoise the Poker (level 5, 0/43 HPs)
             Began as a Merfolk Fighter on July 1, 2022.
             Splashed by a jelly's acid (4 damage)
             ... on level 3 of the Dungeon.
             The game lasted 00:05:22 (2067 turns).

porpoise the Poker (Merfolk Fighter)                Turns: 2067, Time: 00:05:23

Health: 0/43       AC: -1    Str: 16    XL:     5   Next: 0%
Magic:  5/5        EV:  8    Int:  9    God:
Gold:   79         SH:  5    Dex: 14    Spells: 4/4 levels left

rFire   . . .      SeeInvis .   a - +0 trident
rCold   . . .      Faith    .   c - +0 buckler
rNeg    . . .      Spirit   .   b - +0 scale mail
rPois   .          Reflect  .   (no helmet)
rElec   .          Harm     .   (no cloak)
rCorr   .          Rampage  .   (no gloves)
Will    .....                   (no boots)
Stlth   ..........              (no amulet)
HPRegen 0.14/turn               (no ring)
MPRegen 0.09/turn               (no ring)

@: corroded
A: (nimble swimmer 2), mertail
a: no special abilities


You were on level 3 of the Dungeon.
You visited 1 branch of the dungeon, and saw 3 of its levels.

You collected 79 gold pieces.

Inventory:

Hand Weapons
 a - a +0 trident (weapon)
Missiles
 l - 2 poisoned darts (quivered)
Armour
 b - a +0 scale mail (worn)
 c - a +0 buckler (worn)
Scrolls
 e - a scroll of teleportation {unknown}
 f - 2 scrolls of poison {unknown}
 h - 3 scrolls of identify {unknown}
 j - 3 scrolls of enchant weapon {unknown}
 k - a scroll of enchant armour {unknown}
Potions
 d - 4 potions of might
 g - a potion of curing {unknown}
 i - a potion of degeneration {unknown}


   Skills:
 + Level 4.9 Fighting
 + Level 5.0 Polearms
 - Level 2.1 Armour
 - Level 3.0 Shields


You had 4 spell levels left.
You didn't know any spells.
Your spell library was empty.

Dungeon Overview and Level Annotations

Branches:
Dungeon (3/15)

Altars:


Innate Abilities, Weirdness & Mutations

((You are very nimble when in or above water. (Stealth+, EV+, Speed+++)))
Your lower body shifts to a powerful aquatic tail in water.


Message History

You feel agile.
You start resting.
HP restored. 7 endoplasms and 3 jellies come into view.
Found two goblin skeletons, two bat skeletons, a rat skeleton and a club.
The endoplasm quivers.
The jelly quivers.
The endoplasm quivers. x2
The jelly quivers.
The endoplasm quivers. x3; The jelly quivers.
There is an open door here.
You hit the jelly. The acid corrodes you!
Your hands burn!
The jelly is moderately wounded.
The jelly completely misses you.
You hit the jelly but do no damage. The acid corrodes you!
Your hands burn!
The jelly is moderately wounded.
The jelly hits you.
You are splashed with acid!
You hit the jelly.
Your hands burn!
The jelly is severely wounded.
The jelly barely misses you.
You are too injured to fight recklessly!
You are too injured to fight recklessly!
You are too injured to fight recklessly!
You hit the jelly.
Your hands burn!
The jelly is severely wounded.
The jelly hits you.
You are splashed with acid!
* * * LOW HITPOINT WARNING * * *
The jelly attacks as you move away! You block the jelly's attack.
The jelly attacks as you move away! The jelly closely misses you.
Things that are here:
a +0 dagger; 3 stones; a kobold corpse The jelly attacks as you move away!
The jelly closely misses you.
There is an open door here.
The jelly attacks as you move away! The jelly barely misses you.
Okay, then.
Unknown command.
You hit the jelly but do no damage.
Your hands burn!
* * * LOW HITPOINT WARNING * * *
The jelly is severely wounded.
The jelly hits you.
* * * LOW HITPOINT WARNING * * *
The acid corrodes you!
You are splashed with acid.
You die...

#÷..J.J.J÷ #..JJ.J...
#.JJJJJ÷.. #J#######
##JJ.)..## ########.###.
#....'..###.. #...J####
#g# #...@...# #g#
#.......# #.# #.......#
#)# #.......# #.#
##[....## #.#
##...#####.#
#.####'''###...#
#.........##.###
####.##.####)###########


You could see a jelly.

Vanquished Creatures
  3 gnolls
  2 adders (D:2)
  A worm (D:2)
  A dart slug (D:1)
  5 bats
  7 endoplasms
  2 giant cockroaches
  8 goblins
  4 hobgoblins
  3 jackals (D:1)
  9 kobolds
  A quokka (D:2)
  6 ball pythons
  3 frilled lizards
  3 rats
58 creatures vanquished.

Vanquished Creatures (others)
  8 toadstools (D:3)
8 creatures vanquished.

Grand Total: 66 creatures vanquished

Notes
Turn   | Place    | Note
-------+----------+-------------------------------------------
     0 | D:1      | porpoise the Merfolk Fighter began the quest for the Orb.
     0 | D:1      | Reached XP level 1. HP: 18/18 MP: 1/1
    44 | D:1      | Reached skill level 3 in Polearms
    89 | D:1      | Reached XP level 2. HP: 17/24 MP: 2/2
   294 | D:1      | Reached XP level 3. HP: 22/30 MP: 3/3
   648 | D:1      | Found a faded altar of an unknown god.
   648 | D:1      | Noticed an eye of devastation
   652 | D:1      | Noticed a great orb of eyes
   658 | D:1      | Noticed a great orb of eyes
   720 | D:1      | Reached skill level 4 in Polearms
   935 | D:1      | Noticed an eye of devastation
  1182 | D:2      | Reached XP level 4. HP: 33/38 MP: 4/4
  1916 | D:3      | Reached skill level 5 in Polearms
  2028 | D:3      | Reached XP level 5. HP: 40/43 MP: 5/5
  2067 | D:3      | Splashed by a jelly's acid

Illustrated notes

Levels and vault maps discovered:
D:1:      eino_arrival_water_star, layout_rooms,
          hellmonk_ecumenical_altar_watching_god
D:2:      layout_basic, hangedman_decor_points, columned_hall_lemuel
D:3:      cheibrodos_fertilizer, layout_basic, lemuel_crystal_altar,
          nicolae_elevator_lobby_asterisk

Skill      XL: |  1  2  3  4 |
---------------+-------------+-----
Polearms       | 3 4 5 |  5.0
Fighting       | 4 |  4.9
Armour         | |  2.1
Shields        | |  3.0

Action                   |  1- 3 |  4- 6 || total
-------------------------+-------+-------++-------
Melee: Trident           |    91 |    83 ||   174
Armor: Scale mail        |    22 |    19 ||    41
Dodge: Dodged            |    20 |    24 ||    44
Block: Buckler           |    11 |    13 ||    24

Table legend: (Time is in decaauts)
 A = Elapsed time spent in this place.
 B = Non-inter-level travel time spent in this place.
 C = Inter-level travel time spent in this place.
 D = Time resting spent in this place.
 E = Time spent auto-exploring this place.
 F = Levels seen in this place.
 G = Mean time per level.
                   A        B        C        D        E       F      G
               +--------+--------+--------+--------+--------+-----+--------+
         Total |   2087 |   2031 |     56 |    577 |   1030 |   3 |  695.7 |
       Dungeon |   2087 |   2031 |     56 |    577 |   1030 |   3 |  695.7 |
               +--------+--------+--------+--------+--------+-----+--------+

Top non-repeatable levels by time:
     D:1: 1027 daAuts
     D:2: 745 daAuts
     D:3: 314 daAuts
